 Dungeon Crawl Stone Soup version 0.18-a0-1677-g2bdad6c (webtiles) character file.

207466 4thArraOfDagon the Executioner (level 18, -2/155 HPs)
             Began as a Hill Orc Berserker on Apr 2, 2016.
             Was an Elder of Trog.
             Splashed by an acid blob's acid (8 damage)
             ... created by the Royal Jelly
             ... on level 6 of the Pits of Slime.
             The game lasted 01:23:35 (12877 turns).

4thArraOfDagon the Executioner (HOBe)              Turns: 12877, Time: 01:23:36

Health: -2/155     AC: 34    Str: 34    XL:     18   Next: 23%
Magic:  30/30      EV: 10    Int: 13    God:    Trog [****..]
Gold:   486        SH:  0    Dex: 12    Spells: 0 memorised, 17 levels left

rFire  + . .     SeeInvis +     V - +3 executioner's axe (venom)
rCold  + + +     Gourm    .     F - +13 chain mail "Kaec" {rN+ Int+5}
rNeg   + . .     Faith    +     (shield currently unavailable)
rPois  .         Spirit   .     b - +0 helmet
rElec  +         Dismiss  .     u - +1 cloak {MR+}
rCorr  .         Reflect  .     N - +2 pair of gloves
SustAt .         Harm     .     M - +1 pair of boots of Laipyv {+Inv +Fly MR+}
MR     +++++     Rnd*Rage +     t - amulet of faith
Stlth  ..........               r - ring "Peem" {rElec rF+ rC+}
                                Z - ring "Ocitt" {*Contam rC++ MP+9 Dex+3 SInv}

@: mighty, corroded, very slightly contaminated, regenerating, hasted, very
quick, almost entirely resistant to hostile enchantments, extremely unstealthy
A: rough black scales 1, berserk 1, blurry vision 1, deformed body, frail 1,
strong 1
a: Berserk, Trog's Hand, Brothers in Arms, Burn Spellbooks, Renounce Religion,
Evoke Invisibility, Evoke Flight
}: 2/15 runes: serpentine, barnacled


You were on level 6 of the Pits of Slime.
You worshipped Trog.
Trog was greatly pleased with you.
You were very full.

You visited 6 branches of the dungeon, and saw 39 of its levels.

You collected 2749 gold pieces.
You spent 2263 gold pieces at shops.

Inventory:

Hand Weapons
 w - the +7 great mace of Offeacithe {drain, rPois Int+3}
   (You bought it in a shop on level 2 of the Orcish Mines)

   A truly terrible weapon, it drains the life of those it strikes.
   It affects your intelligence (+3).
   It protects you from poison.
 V - a +3 executioner's axe of venom (weapon)
Missiles
 x - 2 throwing nets (quivered)
 z - 11 curare-tipped needles
Armour
 a - a +4 plate armour of poison resistance
 b - a +0 helmet (worn)
 p - a +0 troll leather armour
 u - a +1 cloak of magic resistance (worn)
 F - the +13 chain mail "Kaec" (worn) {rN+ Int+5}
   (You found it on level 1 of the Shoals)

   It affects your intelligence (+5).
   It protects you from negative energy.
 M - the +1 pair of boots of Laipyv (worn) {+Inv +Fly MR+}
   (You bought it in a shop on level 2 of the Orcish Mines)

   It affects your resistance to hostile enchantments.
   It lets you turn invisible.
   It lets you fly.
 N - a +2 pair of gloves (worn)
 P - the +2 cloak of the Grue {*Corrode rN++ Dex+3}
   (You found it on level 8 of the Lair of Beasts)

   It affects your dexterity (+3).
   It greatly protects you from negative energy.
   It may corrode you when you take damage.
Jewellery
 n - an uncursed ring of protection from fire
 q - an uncursed ring of fire
 r - the ring "Peem" (right hand) {rElec rF+ rC+}
   (You bought it in a shop on level 2 of the Orcish Mines)

   [ring of protection from fire]

   It protects you from fire.
   It protects you from cold.
   It insulates you from electricity.
 t - an amulet of faith (around neck)
 v - an uncursed ring of ice
 A - an uncursed amulet of rage
 Z - the ring "Ocitt" (left hand) {*Contam rC++ MP+9 Dex+3 SInv}
   (You found it on level 6 of the Lair of Beasts)

   [ring of magical power]

   It affects your dexterity (+3).
   It greatly protects you from cold.
   It affects your magic capacity (+9).
   It lets you see invisible.
   It causes magical contamination when unequipped.
Wands
 s - a wand of random effects (11/48)
 B - a wand of iceblast (6/15)
 D - a wand of hasting (4/9)
 I - a wand of paralysis (3/24)
 S - a wand of hasting (1/9)
 W - a wand of teleportation (2/9)
Scrolls
 d - a scroll of fog
 f - a scroll of fear
 i - 5 scrolls of teleportation
 o - 10 scrolls of remove curse
 G - a scroll of enchant armour
 R - 2 scrolls of magic mapping
 U - a scroll of immolation
Potions
 g - a potion of flight
 h - 7 potions of curing
 k - 2 potions of cure mutation
 y - 3 potions of agility
 C - 2 potions of ambrosia
 E - a potion of cancellation
 H - 2 potions of berserk rage
 L - a potion of heal wounds
 O - 2 potions of brilliance
Books
 e - a book of Annihilations

   Spells                             Type                      Level
   a - Poison Arrow                   Conjuration/Poison           6
   b - Chain Lightning                Conjuration/Air              8
   c - Lehudib's Crystal Spear        Conjuration/Earth            8
   d - Glaciate                       Conjuration/Ice              9
   e - Fire Storm                     Conjuration/Fire             9
   Trog disapproves of the use of such an item.
 J - a book of Enchantments

   Spells                             Type                      Level
   a - Cause Fear                     Hexes                        4
   b - Yara's Violent Unravelling     Hexes/Transmutation          5
   c - Silence                        Hexes/Air                    5
   d - Deflect Missiles               Charms/Air                   6
   e - Haste                          Charms                       6
   f - Discord                        Hexes                        8
   Trog disapproves of the use of such an item.
 X - a book of Cantrips

   Spells                             Type                      Level
   a - Corona                         Hexes                        1
   b - Animate Skeleton               Necromancy                   1
   c - Summon Small Mammal            Summoning                    1
   d - Apportation                    Translocation                1
   Trog disapproves of the use of such an item.
Comestibles
 c - 8 bread rations


   Skills:
 + Level 18.3 Fighting
 * Level 26.0 Axes
 + Level 17.1 Armour
 - Level 1.5 Dodging
 - Level 4.1 Evocations


You had 17 spell levels left.
You didn't know any spells.

Dungeon Overview and Level Annotations

Branches:
Dungeon (15/15)              Lair (8/8) D:10         Shoals (4/4) Lair:6
  Snake (4/4) Lair:5        Slime (6/6) Lair:6          Orc (2/2) D:9
    Elf (0/3) Orc:2
 Temple: D:4-7       Vaults: D:13-14     Depths: D:15

Altars:
Okawaru
Trog
Jiyva

Shops:
D:15 ?*   Orc:2 %([=   Shoals:1 !:   Shoals:4 [

Annotations:
D:4 Blork the orc
D:14 Frances
Lair:6 exclusion: upstairs
Slime:6 Royal Jelly


Innate Abilities, Weirdness & Mutations

You are partially covered in rough black scales (AC +4, Dex -1).
You tend to lose your temper in combat.
Scrolls take you a little longer to read.
Armour fits poorly on your strangely shaped body.
You are frail (-10% HP).
Your muscles are strong. (Str +2)


Message History

You completely miss the Royal Jelly.
The Royal Jelly is severely wounded.
Your chain mail "Kaec" prevents you from hitting the azure jelly.
The azure jelly is severely wounded.
You slice the acid blob!!
Your hands burn!
The acid blob is moderately wounded.
You completely miss the acid blob.
The acid blob is lightly wounded.
The Royal Jelly hits you!!
* * * LOW HITPOINT WARNING * * *
You are splashed with acid!
The acid burns!
* * * LOW HITPOINT WARNING * * *
The Royal Jelly closely misses you.
The azure jelly hits you but does no damage. x3
The azure jelly hits you.
* * * LOW HITPOINT WARNING * * *
The acid blob hits you!!
* * * LOW HITPOINT WARNING * * *
You are splashed with acid!
The acid corrodes you!
The acid burns!
You die...

.............# #..#
.............# ##J#
.............## J#
...............# JJ
............##... ...
............# ### .##
............# .#
............#
.........@JJ###
........JJJJ..#
........§§JJ..#
........§J§....#
........§§§.....#
#.........J......####
#.....................
..........J.JJ........
#.....................


You could see the Royal Jelly (inner flame), 4 acid blobs, 4 azure jellies, a
slime creature (inner flame) and 3 death oozes.

Vanquished Creatures
  Nikola (Shoals:1)
  Jorgrun (Shoals:3)
  Rupert (Lair:5)
  2 acid blobs (Slime:6)
  9 greater nagas (Snake:4)
  3 azure jellies
  Donald (Shoals:1)
  Louise (Snake:3)
  A merfolk javelineer (Shoals:2)
  Snorg (Lair:5)
  7 merfolk impalers
  A great orb of eyes (Slime:6)
  A death ooze (Slime:6)
  An ice dragon (Lair:2)
  Harold (Lair:1)
  15 naga warriors
  A catoblepas (Lair:6)
  An alligator snapping turtle (Shoals:4)
  2 merfolk avatars (Shoals:2)
  2 centaur warriors (D:15)
  4 anacondas
  3 merfolk aquamancers
  Erica (Orc:1)
  8 death yaks
  17 naga sharpshooters
  An orc high priest (Orc:2)
  5 shock serpents
  A fire crab (Lair:8)
  2 skeletal warriors (D:11)
  A salamander mystic (Snake:4)
  A wizard (D:14)
  An unseen horror (D:12)
  8 naga ritualists
  5 sea snakes
  A lindwurm (Lair:8)
  4 hill giants
  A wolf spider zombie (D:15)
  An ugly thing (D:11)
  3 griffons
  A necromancer (D:9)
  7 mana vipers
  6 orc sorcerers
  5 cyclopes
  A faun (Shoals:2)
  8 salamanders
  3 manticores
  A shining eye (Slime:6)
  Maurice (D:12)
  3 guardian serpents
  17 black mambas
  A centaur zombie (D:15)
  19 naga magi
  3 water nymphs
  An ice statue (Lair:2)
  14 spiny frogs
  4 sirens
  2 gargoyles (D:15)
  8 komodo dragons
  5 centaur skeletons
  3 rime drakes
  An efreet (D:15)
  3 giant leeches (Lair:8)
  11 merfolk
  4 trolls
  4 polar bears
  A wind drake (Shoals:3)
  29 blink frogs
  35 slime creatures
  3 boulder beetles
  6 snapping turtles
  2 shadows
  12 water elementals
  A wyvern (D:10)
  A vampire (D:10)
  A wraith (D:10)
  A hog (D:14)
  49 yaks
  3 basilisks
  A hungry ghost (D:15)
  2 steam dragons
  15 vampire mosquitoes
  6 hippogriffs
  5 wargs
  A soldier ant (D:12)
  4 mottled dragons
  36 nagas
  8 water moccasins
  2 porcupines
  2 sky beasts
  A wasp (D:13)
  21 orc warriors
  4 eyes of draining
  7 ice beasts
  3 black bears (Lair:1)
  6 ogres
  4 centaurs
  11 crocodiles
  A big kobold (D:9)
  18 giant frogs
  2 gnoll sergeants (Orc:1)
  9 jellies
  5 killer bees
  A scorpion (D:12)
  4 electric eels (Lair:8)
  A howler monkey (D:9)
  A crimson imp (D:10)
  2 hounds
  22 orc priests
  A giant frog zombie (D:10)
  35 orc wizards
  Jessica (D:2)
  Terence (D:2)
  5 iguanas
  10 worker ants
  40 sheep
  Robin (D:2)
  7 gnolls (Orc:1)
  8 adders
  32 river rats
  2 white imps (Lair:2)
  A giant gecko (D:4)
  65 orcs
  12 goblins
  3 hobgoblins
  9 jackals
  4 quokkas
  3 giant newts
  6 kobolds
  A rat (D:1)
  A bush (Lair:8)
  5 fungi
  18 plants
877 creatures vanquished.

Vanquished Creatures (collateral kills)
  3 acid blobs
  An azure jelly (Slime:6)
  A frost giant (Shoals:4)
  A merfolk javelineer (Shoals:4)
  3 hydras
  A great orb of eyes (Slime:6)
  An alligator snapping turtle (Shoals:4)
  A merfolk aquamancer (Shoals:4)
  2 sea snakes (Shoals:1)
  A griffon (Shoals:4)
  2 cyclopes (Shoals:1)
  2 sirens
  A polar bear (Lair:6)
  A merfolk (Shoals:4)
  A naga (Snake:4)
  A porcupine (Lair:5)
  2 crocodiles (Lair:5)
  A giant frog (Lair:6)
  A jelly (Slime:6)
  2 sheep (Shoals:1)
  A fungus (Lair:5)
30 creatures vanquished.

Vanquished Creatures (others)
  A sea snake (Shoals:1)
  An electric eel (Lair:8)
  An orc (Orc:1)
  6 fungi
  6 plants
15 creatures vanquished.

Grand Total: 922 creatures vanquished

Notes
Turn   | Place    | Note
--------------------------------------------------------------
     0 | D:1      | 4thArraOfDagon the Hill Orc Berserker began the quest for the Orb.
     0 | D:1      | Reached XP level 1. HP: 19/19 MP: 1/1
     0 | D:1      | jacquesderrida: ent
    37 | D:2      | Noticed Jessica
    42 | D:2      | Killed Jessica
    42 | D:2      | Reached XP level 2. HP: 27/27 MP: 2/2
    42 | D:2      | Reached XP level 3. HP: 33/33 MP: 3/3
    98 | D:2      | Noticed Terence
   110 | D:2      | Killed Terence
   110 | D:2      | Reached skill level 5 in Axes
   110 | D:2      | Reached XP level 4. HP: 17/40 MP: 4/4
   201 | D:2      | Noticed Robin
   212 | D:2      | Killed Robin
   212 | D:2      | Reached ** piety under Trog
   214 | D:2      | HP: 3/61 [goblin/dagger[Robin] (3)]
   475 | D:4      | Reached XP level 5. HP: 47/47 MP: 5/5
   507 | D:4      | Noticed Blork the orc
   510 | D:5      | Entered Level 5 of the Dungeon
   611 | D:6      | Reached skill level 5 in Fighting
   611 | D:6      | Reached skill level 6 in Axes
   628 | D:6      | Noticed a sky beast
   647 | D:7      | Noticed a phantom
   661 | D:8      | Noticed a hippogriff
   672 | D:8      | Killed a hippogriff
   672 | D:8      | Reached XP level 6. HP: 56/56 MP: 6/6
   692 | D:8      | Noticed a sky beast
   714 | D:8      | Killed a sky beast
   714 | D:8      | Reached skill level 7 in Axes
   714 | D:8      | Reached XP level 7. HP: 61/61 MP: 7/7
   777 | D:9      | Noticed a necromancer
   785 | D:9      | Killed a necromancer
   785 | D:9      | Reached skill level 8 in Axes
   785 | D:9      | Reached skill level 5 in Armour
   785 | D:9      | Reached XP level 8. HP: 40/71 MP: 8/8
   788 | D:9      | jacquesderrida: deeeeeeeeeeeng
   812 | D:9      | jacquesderrida: WHAT IS
   851 | D:9      | jacquesderrida: a daaaaang
   878 | D:10     | Entered Level 10 of the Dungeon
   884 | D:10     | Noticed a hill giant
   898 | D:10     | Killed a hill giant
   898 | D:10     | Reached skill level 10 in Axes
   991 | D:10     | Noticed a vampire
  1109 | D:10     | Killed a vampire
  1109 | D:10     | Reached XP level 9. HP: 76/80 MP: 9/9
  1156 | D:10     | Reached skill level 11 in Axes
  1703 | D:12     | Reached *** piety under Trog
  1703 | D:12     | Reached skill level 12 in Axes
  1761 | D:12     | Killed an unseen horror
  1876 | D:12     | Reached XP level 10. HP: 91/91 MP: 10/10
  1925 | D:12     | Vidiiot: LCS is such bullshit
  1951 | D:12     | Reached skill level 13 in Axes
  1988 | D:12     | Noticed a skeletal warrior
  2049 | D:13     | jacquesderrida: Wilder...
  2078 | D:13     | jacquesderrida: It's you
  2108 | D:13     | Vidiiot: gday jd
  2163 | D:13     | Reached skill level 10 in Fighting
  2166 | D:13     | Reached skill level 14 in Axes
  2235 | D:13     | jacquesderrida: HI
  2250 | D:13     | Noticed a cyclops
  2250 | D:13     | jacquesderrida: I just woke up
  2271 | D:13     | Killed a cyclops
  2347 | D:14     | jacquesderrida: It's 2 pm, +4 calcium outside
  2375 | D:13     | jacquesderrida: THe wind is seven meters a second
  2387 | D:13     | Reached XP level 11. HP: 101/101 MP: 11/11
  2430 | D:14     | jacquesderrida: I am ready to go to the balcony for a mandatory pipe...
  2436 | D:15     | Entered Level 15 of the Dungeon
  2476 | D:14     | Noticed a wizard
  2496 | D:14     | Killed a wizard
  2496 | D:14     | Reached skill level 15 in Axes
  2539 | D:13     | Vidiiot: >pipe
  2607 | D:14     | Noticed Frances
  2616 | D:15     | jacquesderrida: YES
  2634 | D:15     | Noticed a cyclops
  2638 | D:15     | jacquesderrida: U LIKE PIPERDITY PIPE
  2647 | D:15     | Killed a cyclops
  2687 | D:15     | jacquesderrida: http://www.tobaccoreviews.com/blend/1040/samuel-gawith-squadron-leader
  2706 | D:15     | jacquesderrida: It supr, mayne...
  2725 | D:15     | Reached skill level 10 in Armour
  2741 | D:15     | Noticed a hill giant
  2756 | D:15     | Killed a hill giant
  2790 | D:15     | Noticed a centaur warrior
  2801 | D:15     | Killed a centaur warrior
  2921 | D:15     | Found Teycvy's Serpentskin Sales.
  2921 | D:15     | Noticed an anaconda
  2921 | D:15     | Noticed a naga warrior
  2953 | D:15     | Found Pyqaffec's Magic Scroll Boutique.
  3057 | D:15     | Reached skill level 16 in Axes
  3113 | D:15     | jacquesderrida: gost
  3128 | D:15     | Bought a scroll of brand weapon for 340 gold pieces
  3235 | D:15     | Noticed a hill giant
  3253 | D:15     | Killed a hill giant
  3433 | D:15     | Reached XP level 12. HP: 110/111 MP: 12/12
  3503 | D:15     | Killed a naga warrior
  3546 | D:15     | Noticed a centaur warrior
  3555 | D:15     | Killed a centaur warrior
  3667 | D:13     | Reached skill level 17 in Axes
  3747 | D:12     | Noticed Maurice
  3810 | D:12     | Killed Maurice
  4059 | D:11     | jacquesderrida: hi
  4335 | D:11     | Gained mutation: Your muscles are strong. (Str +2) [mutagenic meat]
  4336 | D:11     | Gained mutation: You tend to lose your temper in combat. [mutagenic meat]
  4555 | D:9      | Found an iron altar of Okawaru.
  4583 | D:9      | Found a staircase to the Orcish Mines.
  4612 | Orc:1    | Entered Level 1 of the Orcish Mines
  4617 | Orc:1    | Noticed Erica
  4631 | Orc:1    | Killed Erica
  4633 | Orc:1    | Reached skill level 1 in Evocations
  4653 | Orc:1    | Reached skill level 18 in Axes
  4661 | Orc:1    | Reached **** piety under Trog
  5052 | Orc:1    | Found a bloodstained altar of Trog.
  5087 | Orc:2    | Entered Level 2 of the Orcish Mines
  5087 | Orc:2    | Found a staircase to the Elven Halls.
  5090 | Orc:2    | Reached ***** piety under Trog
  5144 | Orc:2    | Reached XP level 13. HP: 119/119 MP: 14/14
  5745 | Orc:2    | Found Miodapren's Jewellery Boutique.
  5745 | Orc:2    | Found Zekhaib's Antique Weapon Shop.
  5905 | Orc:2    | Found Reonuid's Food Shop.
  5905 | Orc:2    | Found Furrir's Antique Armour Boutique.
  5977 | Orc:2    | incide: dat resist ring
  5981 | Orc:2    | Received a gift from Trog
  6103 | Orc:2    | Bought a jewelled chain mail for 228 gold pieces
  6103 | Orc:2    | Bought an embroidered cloak for 108 gold pieces
  6103 | Orc:2    | Bought a pair of slimy boots for 228 gold pieces
  6108 | Orc:2    | Identified the +1 pair of boots of Laipyv {+Inv +Fly MR+} (You bought it in a shop on level 2 of the Orcish Mines)
  6128 | Orc:2    | Identified the +6 chain mail of Sunlight {+Fly Int+3} (You bought it in a shop on level 2 of the Orcish Mines)
  6141 | Orc:2    | Bought the ring "Peem" {rElec rF+ rC+} for 644 gold pieces
  6143 | Orc:2    | Bought an ichor-stained great mace for 310 gold pieces
  6143 | Orc:2    | jacquesderrida: Thanks
  6144 | Orc:2    | Identified the +7 great mace of Offeacithe {drain, rPois Int+3} (You bought it in a shop on level 2 of the Orcish Mines)
  6145 | Orc:2    | jacquesderrida: debg
  6145 | Orc:2    | 4thArraOfDagon: np
  6146 | Orc:2    | jacquesderrida: u re sist
  6148 | Orc:2    | jacquesderrida: u re sist ant
  6165 | Orc:2    | jacquesderrida: amirite
  6297 | D:10     | Found a staircase to the Lair.
  6319 | Lair:1   | Entered Level 1 of the Lair of Beasts
  6319 | Lair:1   | Noticed Harold
  6332 | Lair:1   | Killed Harold
  6404 | Lair:1   | Reached skill level 19 in Axes
  6578 | Lair:2   | Noticed an ice dragon
  6592 | Lair:2   | Killed an ice dragon
  6792 | Lair:2   | Reached ****** piety under Trog
  6872 | Lair:3   | Received a gift from Trog
  6887 | Lair:3   | :(
  7176 | Lair:4   | Reached XP level 14. HP: 84/130 MP: 17/17
  7192 | Lair:4   | Reached skill level 20 in Axes
  7278 | Lair:4   | Received a gift from Trog
  7279 | Lair:4   | Got an iridescent hand axe {god gift}
  7280 | Lair:4   | Identified the +2 hand axe of Atzuycerchu {chop, rPois rF+++ MP-9 Dex-3} (Trog gifted it to you on level 4 of the Lair of Beasts)
  7305 | Lair:5   | Noticed Snorg
  7310 | Lair:5   | Killed Snorg
  7362 | Lair:5   | Found a staircase to the Snake Pit.
  7503 | Lair:5   | Noticed Rupert
  7512 | Lair:5   | Killed Rupert
  7571 | Lair:6   | Got a steaming lead ring
  7573 | Lair:6   | Identified the ring "Ocitt" {*Contam rC++ MP+9 Dex+3 SInv} (You found it on level 6 of the Lair of Beasts)
  7603 | Lair:6   | Found a staircase to the Shoals.
  7618 | Lair:6   | Received a gift from Trog
  7683 | Lair:6   | Reached skill level 21 in Axes
  7964 | Lair:8   | Entered Level 8 of the Lair of Beasts
  8040 | Lair:8   | Received a gift from Trog
  8041 | Lair:8   | Reached skill level 15 in Fighting
  8146 | Lair:8   | Reached XP level 15. HP: 140/141 MP: 18/18
  8150 | Lair:8   | Got a distressingly furry cloak
  8151 | Lair:8   | Identified the +2 cloak of the Grue {*Corrode rN++ Dex+3} (You found it on level 8 of the Lair of Beasts)
  8530 | Shoals:1 | Entered Level 1 of the Shoals
  8595 | Shoals:1 | Reached skill level 22 in Axes
  8664 | Shoals:1 | Noticed Donald
  8684 | Shoals:1 | Killed Donald
  8684 | Shoals:1 | Received a gift from Trog
  8693 | Shoals:1 | Noticed Nikola
  8695 | Shoals:1 | Found Ryorr's Book Emporium.
  8715 | Shoals:1 | Killed Nikola
  8782 | Shoals:1 | Got a twisted chain mail
  8793 | Shoals:1 | Identified the +13 chain mail "Kaec" {rN+ Int+5} (You found it on level 1 of the Shoals)
  8793 | Shoals:1 | hmmm
  8815 | Shoals:1 | Yermak: crap
  9112 | Shoals:1 | Found Secyq's Distillery.
  9115 | Shoals:1 | Bought a potion of might for 60 gold pieces
  9115 | Shoals:1 | Bought a potion of agility for 60 gold pieces
  9115 | Shoals:1 | Bought a potion of might for 60 gold pieces
  9115 | Shoals:1 | Bought a potion of heal wounds for 75 gold pieces
  9115 | Shoals:1 | Bought a potion of curing for 45 gold pieces
  9115 | Shoals:1 | Bought a potion of curing for 45 gold pieces
  9115 | Shoals:1 | Bought a potion of agility for 60 gold pieces
  9292 | Shoals:3 | Noticed Jorgrun
  9317 | Shoals:3 | Killed Jorgrun
  9542 | Shoals:4 | Entered Level 4 of the Shoals
  9548 | Shoals:4 | Reached XP level 16. HP: 119/151 MP: 19/19
  9552 | Shoals:4 | Reached skill level 23 in Axes
  9695 | Shoals:4 | Reached skill level 15 in Armour
  9783 | Shoals:4 | Got a barnacled rune of Zot
  9869 | Shoals:4 | Found Ylaixuc's Armour Shoppe.
 10221 | Snake:1  | Entered Level 1 of the Snake Pit
 10259 | Snake:1  | NOPE: orcs
 10442 | Snake:4  | Entered Level 4 of the Snake Pit
 10442 | Snake:4  | Noticed a greater naga
 10463 | Snake:3  | Noticed Louise
 10658 | Snake:3  | Killed Louise
 10661 | Snake:3  | Reached skill level 24 in Axes
 10758 | Snake:4  | Killed a greater naga
 10959 | Snake:4  | Reached XP level 17. HP: 66/161 MP: 20/20
 11566 | Snake:4  | Reached skill level 25 in Axes
 11896 | Snake:4  | Got a serpentine rune of Zot
 12220 | Lair:6   | jacquesderrida: Hi
 12222 | Lair:6   | jacquesderrida: I bak
 12225 | Lair:6   | Gained mutation: You are frail (-10% HP). [potion of mutation]
 12225 | Lair:6   | Gained mutation: You are partially covered in rough black scales (AC +4, Dex -1). [potion of mutation]
 12225 | Lair:6   | Gained mutation: Scrolls take you a little longer to read. [potion of mutation]
 12226 | Lair:6   | NOPE: jek
 12233 | Lair:6   | Found a staircase to the Slime Pits.
 12242 | Slime:1  | Entered Level 1 of the Pits of Slime
 12289 | Slime:2  | Noticed an acid blob
 12294 | Slime:2  | jacquesderrida: Nape
 12295 | Slime:2  | Killed an acid blob
 12296 | Slime:2  | jacquesderrida: Welcome to weak end
 12300 | Slime:1  | jacquesderrida: weak and*
 12316 | Slime:1  | NOPE: Thank
 12521 | Slime:5  | Reached XP level 18. HP: 135/154 MP: 14/21
 12548 | Slime:6  | Entered Level 6 of the Pits of Slime
 12586 | Slime:4  | FAIL
 12587 | Slime:4  | Yermak: hahaha
 12718 | Slime:5  | minicreteconcrete: http://minicreteconcrete.com.au/
 12755 | Slime:6  | 4thArraOfDagon: lol
 12755 | Slime:6  | 4thArraOfDagon: STFU
 12784 | Slime:6  | Found a viscous altar of Jiyva.
 12787 | Slime:6  | Noticed the Royal Jelly
 12806 | Slime:6  | FAIL
 12806 | Slime:6  | 4thArraOfDagon: fail
 12831 | Slime:6  | Gained mutation: Armour fits poorly on your strangely shaped body. [a shining eye]
 12838 | Slime:6  | Reached skill level 26 in Axes
 12843 | Slime:6  | 4thArraOfDagon: FAIL
 12843 | Slime:6  | NOPE: dang
 12877 | Slime:6  | HP: 6/155 [acid blob[the Royal Jelly] (22)]
 12877 | Slime:6  | Splashed by an acid blob's acid

Vault maps used:
D:1:      lemuel_arrival_cross
D:2:      first_bread, uniq_jessica, uniq_crazy_yiuf_cottage, uniq_terence,
          uniq_robin
D:3:      nicolae_ru_the_path_less_chosen, uniq_natasha
D:4:      amethyst_overflow_temple_binary, okawaru_trees_2, uniq_blork_the_orc
D:5:      minitemple, temple_hall
D:6:      uniq_eustachio
D:8:      hangedman_ranch, uniq_psyche, uniq_grum
D:9:      overflow_temple_1_default, hiddenorc1_lemuel, minivault_14,
          minmay_librarian
D:10:     kennysheep_blocky_room, david_lair_shrubbed
D:12:     eino_curves_04, uniq_maurice
D:13:     lightli_vaults_fourway_checkpoint, glass_columns_a,
          minmay_misc_feat_four_crosses, uniq_kirke
D:14:     nicolae_ashenzari_panopticon, uniq_frances
D:15:     grunt_enter_depths_snipers, hangedman_decor_riveting, serial_shops,
          nicolae_shop_window_shopping, guppyfry_shop_venom
Lair:1:   beast_lair_carwin_large_3, grunt_megastairs_1, uniq_harold
Lair:2:   ice2_lemuel, serial_bayou_shore_b, lemuel_fruit_tree,
          grunt_megastairs_4
Lair:3:   basic_altar
Lair:4:   hibernation_bobbens
Lair:5:   minmay_snake_entry_guardpost_small, uniq_snorg, uniq_rupert
Lair:6:   minmay_shoals_entry_beasts, slime_dummy, serial_bayou_pond_a
Lair:7:   pf_torpor_hydra, infiniplex_staircase_pool_2, grunt_megastairs_5,
          lemuel_fruit_fields
Lair:8:   minmay_lair_end_frog_pond, st_stairs_7, wad_woods_river_02,
          guppyfry_lair_drakes
Shoals:1: serial_shops, shop_fountains, shop, nicolae_shop_behind_doors,
          nicolae_shoals_arrival_archipelago, uniq_donald, uniq_nikola
Shoals:3: uniq_jorgrun
Shoals:4: shoals_end_grunt_ice, shoals_ilsuiw_alternative, serial_shops,
          nicolae_shop_behind_doors
Snake:2:  special_room, grunt_megastairs_3, serial_bayou_shore_a
Snake:3:  uniq_vashnia, uniq_louise, uniq_aizul
Snake:4:  snake_pit
Slime:3:  nicolae_slime_round_cave, uniq_dissolution
Slime:5:  basic_altar, cheibrodos_slime_lost_civilization_4
Orc:1:    minmay_goldmine, trog_book, uniq_erica
Orc:2:    st_orc_mages

Skill      XL: |  1  2  3  4  5  6  7  8  9 10 11 12 13 14 15 16 17 18 |
---------------+-------------------------------------------------------+-----
Fighting       | 4 5 6 7 9 10 11 12 13 15 16 17 18 | 18.3
Axes           | 5 6 7 8 10 12 14 16 18 19 21 22 24 25 26 | 26.0
Armour         | 3 4 5 6 7 9 10 11 12 13 14 15 16 17 | 17.1
Evocations     | 2 4 |  4.1
Dodging        | |  1.5

Action                   |  1- 3 |  4- 6 |  7- 9 | 10-12 | 13-15 | 16-18 || total
-------------------------+-------+-------+-------+-------+-------+-------++-------
Melee: Hand axe          |    19 |   105 |   220 |   692 |       |       ||  1036
       War axe           |       |       |       |   134 |   187 |       ||   321
       Battleaxe         |       |       |       |       |   145 |       ||   145
       Executioner's axe |       |       |       |       |   610 |   661 ||  1271
       Great mace        |       |       |       |       |    14 |    12 ||    26
Invok: Berserk           |     2 |     6 |    10 |    31 |    19 |    19 ||    87
       Trog's Hand       |       |     4 |     7 |    27 |    38 |    58 ||   134
       Brothers in Arms  |       |       |       |       |     5 |    10 ||    15
       Burn Spellbooks   |       |       |       |       |     2 |       ||     2
 Abil: Evoke Flight      |       |       |       |       |     4 |     3 ||     7
Evoke: Wand              |       |     6 |     3 |     6 |       |     3 ||    18
       Phantom mirror    |       |       |       |     1 |       |     1 ||     2
  Use: Scroll            |       |     1 |     6 |    15 |    15 |    13 ||    50
       Potion            |       |       |     1 |     2 |     5 |    13 ||    21
 Stab: Distracted        |       |       |       |     1 |       |       ||     1
  Eat: Chunk             |       |     7 |    15 |    42 |    46 |     7 ||   117
       Beef jerky        |       |       |       |     2 |     2 |     3 ||     7
       Meat ration       |       |       |       |     2 |       |     8 ||    10
       Fruit             |       |       |       |       |     2 |     1 ||     3
       Pizza             |       |       |       |       |     1 |       ||     1
       Royal jelly       |       |       |       |       |       |     1 ||     1
